 Dungeon Crawl Stone Soup version 0.14-a0-1527-g89529d6 (webtiles) character file.

27736 4tharraofdagon the Basher (level 12, -9/95 HPs)
             Began as a Centaur Wanderer on Dec 17, 2013.
             Was a Priest of Ashenzari.
             Mangled by a two-headed ogre
             ... wielding a +0,+0 giant club
              (20 damage)
             ... on Level 4 of the Orcish Mines.
             The game lasted 01:11:52 (12764 turns).

4tharraofdagon the Basher (Centaur Wanderer)       Turns: 12764, Time: 01:11:53

HP  -9/95        AC 22     Str 19      XL: 12   Next: 99%
MP  23/23        EV  8     Int 14      God: Ashenzari [***...]
Gold 1156        SH  2     Dex 16      Spells:  2 memorised,  7 levels left

rFire  . . .     SeeInvis +     s - +4,+5 great mace (curse)
rCold  + . .     Clarity  +     E - +2 ring mail of the Falcon {Dex+2 Int+2 Acc+3}
rNeg   + . .     Conserve .     (no shield)
rPois  +         rCorr    .     n - +2 wizard hat
rElec  .         rRot     .     M - +0 cloak
SustAb . .       Spirit   .     r - +0 pair of gloves
rMut   .         Warding  .     L - +1 centaur barding (curse)
Gourm  +         Stasis   .     K - amulet of the gourmand
                                g - ring of positive energy
                                V - +5 ring of dexterity

@: very quick, somewhat resistant to hostile enchantments, very unstealthy
A: hooves 3, large bone plates 1, cold resistance 1, deformed body, herbivore 1,
speed 2, fast metabolism 1, frail 1, poison resistance, tough skin 3
a: Renounce Religion


You were on level 4 of the Orcish Mines.
You worshipped Ashenzari.
Ashenzari was most pleased with you.
You were very full.

You visited 4 branches of the dungeon, and saw 24 of its levels.
You also visited: Bailey.

You collected 1792 gold pieces.
You spent 636 gold pieces at shops.

Inventory:

Hand weapons
 d - a +7,+1 mace of protection
 s - a cursed +4,+5 great mace (weapon)
 G - a -1,+2 orcish great mace of holy wrath
 R - a +1,+2 flail of crushing
Missiles
 p - 6 javelins (quivered)
Armour
 n - a +2 wizard hat (worn)
 r - a +0 pair of gloves (worn)
 y - a +0 buckler
 E - the cursed +2 ring mail of the Falcon (worn) {Dex+2 Int+2 Acc+3}
   (You found it on level 9 of the Dungeon)

   It affects your intelligence (+2).
   It affects your dexterity (+2).
   It affects your accuracy (+3).
   It has a curse placed upon it.
 I - a +0 shield
 L - a cursed +1 centaur barding (worn)
 M - a +0 cloak (worn)
 P - a +2 plate armour of cold resistance
Magical devices
 O - a wand of digging (0)
 T - a wand of flame (6)
 Y - a wand of disintegration (21)
Comestibles
 c - 7 bread rations
 z - a meat ration
Scrolls
 b - 2 scrolls of curse jewellery
 e - 3 scrolls of immolation
 f - 3 scrolls of recharging
 i - a scroll of curse weapon
 j - 2 scrolls of fog
 l - 6 scrolls of remove curse
 m - 4 scrolls of noise
 o - 2 scrolls of amnesia
 D - 2 scrolls of fear
 F - a scroll of curse armour
 J - a scroll of summoning
Jewellery
 g - a ring of positive energy (right hand)
 t - an uncursed ring of wizardry
 v - an uncursed amulet of inaccuracy
 x - an uncursed ring of see invisible
 K - an amulet of the gourmand (around neck)
 V - a +5 ring of dexterity (left hand)
Potions
 a - a potion of magic
 h - a potion of strong poison
 q - 3 potions of confusion {unknown}
 u - a potion of might
 w - 2 potions of cure mutation
 A - 4 potions of curing
 N - a potion of lignification
 Q - 2 potions of flight
 S - 2 potions of poison {unknown}
 X - 2 potions of restore abilities
 Z - 3 potions of resistance
Books
 k - a book of Minor Magic

   Spells                             Type                      Level
   Magic Dart                         Conjuration                  1
   *Blink                             Translocation                2
   Call Imp                           Summoning                    2
   *Repel Missiles                    Charms/Air                   2
   Slow                               Hexes                        2
   Conjure Flame                      Conjuration/Fire             3
   Mephitic Cloud                     Conjuration/Poison/Air       3
 B - a book of Minor Magic

   Spells                             Type                      Level
   Magic Dart                         Conjuration                  1
   *Blink                             Translocation                2
   Call Imp                           Summoning                    2
   *Repel Missiles                    Charms/Air                   2
   Slow                               Hexes                        2
   Conjure Flame                      Conjuration/Fire             3
   Mephitic Cloud                     Conjuration/Poison/Air       3
 H - a tome of Destruction
Miscellaneous
 C - a lamp of fire
 U - a lantern of shadows
 W - a disc of storms


   Skills:
 + Level 9.8 Fighting
 * Level 12.7(16.1) Maces & Flails
 + Level 8.2 Armour
 + Level 3.8 Dodging
   Level 1.0 Invocations
 + Level 9.4 Evocations


You had 7 spell levels left.
You knew the following spells:

 Your Spells              Type           Power        Failure   Level  Hunger
a - Blink                 Tloc           N/A          43%         2    ###....
b - Repel Missiles        Chrm/Air       #.........   43%         2    ###....


Dungeon Overview and Level Annotations

Branches:
Dungeon (11/16)            Temple (1/1) D:6             Orc (4/4) D:9
   Lair (8/8) D:10         Spider (0/5) Lair:4        Slime (0/6) Lair:8
    Elf: Orc:3-4      Swamp: Lair:3-6    Shoals: Lair:3-6     Snake: Lair:3-6

Altars:
Ashenzari
Cheibriados
Elyvilon
Fedhas
Kikubaaqudgha
Makhleb
Nemelex Xobeh
Okawaru
Sif Muna
Trog
Vehumet
Xom
Zin
the Shining One

Shops:
D:6 ?   Orc:4 ([[+

Annotations:
D:3 Grinder
D:4 Duvessa, Edmund
Lair:3 HYDRa


Innate Abilities, Weirdness & Mutations

You have hooves in place of feet.
Armour fits poorly on your strangely shaped body.
You digest meat inefficiently.
You cover ground very quickly.
You have a fast metabolism.
You have extremely tough skin (AC +3).
You are partially covered in large bone plates (AC +2, SH +2).
Your flesh is cold resistant.
You are frail (-10% HP).
Your system is resistant to poisons.


Message History

The ogre hits you with a giant club!
* * * LOW HITPOINT WARNING * * *
You barely miss the ogre. You kick the ogre.
You kill the ogre!
Things that are here:
a +0,+0 giant club; an ogre corpse You start butchering the ogre corpse.
You continue butchering the corpse.
You continue butchering the corpse.
You stop butchering the corpse.
Eat which item? (? for menu, Esc to quit)
You can't eat that!
Unknown command.
The two-headed ogre barely misses you.
The two-headed ogre hits you with a giant club!
* * * LOW HITPOINT WARNING * * *
Unknown command.
You sock the two-headed ogre! You kick the two-headed ogre.
The two-headed ogre is moderately wounded.
The two-headed ogre hits you with a giant club!
You die...

* , , , , ,* ,, , ..., *
######..## * ###.......... *,
, ##.............,
.#.............. ,
..........∩∩..... , ,,
,.........O∩∩...... ,
#......@......... ...
##..............., ....
*###............# ##....
.########..########.....
..........))............ *
................)...#...
####..#..##...............
###.#..........#.#..........
##............)....#.........


You could see a two-headed ogre.

Vanquished Creatures
  4 ogre magi (Orc:4)
  Pikel (D:8)
  A griffon (Lair:7)
  4 black mambas
  4 elephants (Lair:8)
  A feature mimic (D:9)
  7 spiny frogs
  A fire drake (Lair:8)
  8 two-headed ogres (Orc:4)
  8 blink frogs
  A trapdoor spider zombie (D:9)
  A shadow (D:10)
  A grizzly bear (Lair:4)
  2 deep elf magi (Orc:2)
  11 yaks
  4 elephant slugs
  5 hippogriffs
  2 manticores
  5 porcupines
  8 wolves (Lair:1)
  A swamp drake (Orc:2)
  4 sky beasts
  2 black bears (D:7)
  7 orc warriors
  2 phantoms (D:8)
  A human (D:7)
  21 ogres
  10 crocodiles
  4 centaurs
  3 wargs
  7 water moccasins
  5 giant slugs
  Blork the orc (D:6)
  3 agate snails
  A giant slug zombie (D:10)
  8 giant frogs
  4 killer bees (D:10)
  A yak skeleton (D:7)
  2 quasits
  4 wights (D:6)
  2 jellies
  An iron imp (Orc:2)
  A centaur zombie (D:9)
  8 crimson imps
  Crazy Yiuf (D:3)
  7 orc priests
  13 orc wizards
  5 scorpions
  6 hounds
  7 worker ants
  5 iguanas
  6 sheep
  A crocodile zombie (D:7)
  Ijyb (D:3)
  A big kobold zombie (D:8)
  A crocodile skeleton (D:9)
  A hound zombie (D:10)
  Terence (D:3)
  A hound skeleton (D:5)
  2 gnolls (Bailey)
  17 adders
  A giant centipede (Lair:4)
  A shadow imp (Orc:2)
  15 green rats
  A white imp (Orc:2)
  4 worms
  2 giant mites
  An adder skeleton (D:9)
  An adder zombie (D:8)
  6 giant geckos
  An ooze (D:2)
  90 orcs
  14 bats
  2 bat skeletons
  A giant cockroach (D:5)
  A gnoll skeleton (D:7)
  8 hobgoblins
  13 jackals
  14 kobolds
  A ball python (D:2)
  A giant newt (Lair:1)
  A giant spore (D:10)
  23 goblins
  A hobgoblin skeleton (D:9)
  3 orc skeletons
  An orc zombie (Orc:2)
  5 quokkas
  15 rats
  2 ballistomycetes (D:10)
  2 plants (Lair:6)
489 creatures vanquished.

Vanquished Creatures (collateral kills)
  A hill giant (D:10)
  A wolf (Lair:1)
  2 wargs (D:10)
  A water moccasin (Lair:6)
  A manticore zombie (D:10)
  A giant frog (Lair:6)
7 creatures vanquished.

Vanquished Creatures (others)
  A two-headed ogre (Orc:4)
  2 slaves (D:8)
  4 chimeras (Lair:1)
  A rat (D:8)
  6 fungi (Lair:8)
  8 plants
22 creatures vanquished.

Grand Total: 518 creatures vanquished

Notes
Turn   | Place    | Note
--------------------------------------------------------------
     0 | D:1      | 4tharraofdagon, the Centaur Wanderer, began the quest for the Orb.
     0 | D:1      | Reached XP level 1. HP: 16/16 MP: 1/1
    48 | D:2      | Reached skill level 3 in Maces & Flails
    48 | D:2      | Reached XP level 2. HP: 23/23 MP: 2/2
   263 | D:3      | Noticed Grinder
   278 | D:3      | Gained mutation: Your flesh is cold resistant. [potion of mutation]
   278 | D:3      | Gained mutation: You are frail (-10% HP). [potion of mutation]
   279 | D:3      | Gained mutation: Your system is resistant to poisons. [potion of mutation]
   279 | D:3      | Gained mutation: You are partially covered in large bone plates (AC +2, SH +2). [potion of mutation]
   336 | D:3      | Noticed Terence
   365 | D:3      | Killed Terence
   365 | D:3      | Reached XP level 3. HP: 7/26 MP: 3/3
   619 | D:2      | Reached XP level 4. HP: 32/32 MP: 3/3
   705 | D:3      | Noticed Ijyb
   720 | D:3      | Killed Ijyb
   942 | D:5      | Entered Level 5 of the Dungeon
   981 | D:5      | Noticed an ogre
  1050 | D:5      | Noticed a phantom
  1227 | D:7      | Noticed a human
  1227 | D:7      | Noticed a yak
  1263 | D:7      | Killed a human
  1263 | D:7      | Reached skill level 4 in Maces & Flails
  1263 | D:7      | Reached XP level 5. HP: 25/40 MP: 4/4
  1302 | D:7      | Noticed a sky beast
  1314 | D:7      | Killed a sky beast
  1314 | D:7      | Reached XP level 6. HP: 28/45 MP: 4/6
  1392 | D:7      | Noticed a sky beast
  1430 | D:7      | Killed a sky beast
  1430 | D:7      | Reached skill level 5 in Maces & Flails
  1430 | D:7      | Reached XP level 7. HP: 19/51 MP: 6/7
  1560 | D:7      | Noticed a hippogriff
  1575 | D:7      | Killed a hippogriff
  1607 | D:7      | Noticed an ogre
  1628 | D:7      | Killed an ogre
  1904 | D:6      | Found Kheokloz's Magic Scroll Shop.
  1913 | D:6      | Bought a scroll of noise for 15 gold pieces
  1934 | D:6      | Noticed Blork the orc
  2074 | D:5      | Noticed an ogre
  2090 | D:5      | Killed an ogre
  2189 | D:4      | Noticed Duvessa
  2191 | D:4      | Noticed Edmund
  2268 | D:3      | Noticed Crazy Yiuf
  2279 | D:3      | Killed Crazy Yiuf
  2279 | D:3      | Reached skill level 6 in Maces & Flails
  2338 | D:4      | Reached XP level 8. HP: 48/60 MP: 10/10
  2590 | D:6      | Found a bloodstained altar of Trog.
  2591 | D:6      | Found a radiant altar of Vehumet.
  2845 | D:6      | Bought a scroll of identify for 30 gold pieces
  2918 | D:7      | Noticed an orc warrior
  2967 | D:7      | Noticed a black bear
  2968 | D:7      | Found a bloodstained altar of Trog.
  2968 | D:7      | Noticed a black bear
  3022 | D:7      | Killed a black bear
  3029 | D:7      | Killed a black bear
  3055 | D:7      | Reached skill level 5 in Fighting
  3295 | D:4      | Reached skill level 5 in Armour
  3509 | D:6      | Found a staircase to the Ecumenical Temple.
  3522 | Temple   | Entered the Ecumenical Temple
  3538 | Temple   | Became a worshipper of Ashenzari the Shackled
  3598 | D:6      | Reached skill level 7 in Maces & Flails
  3802 | D:8      | Found a flagged portal.
  3819 | D:8      | Reached XP level 9. HP: 36/66 MP: 13/13
  3865 | Bailey   | Entered a bailey
  4250 | D:8      | Reached skill level 8 in Maces & Flails
  4288 | D:8      | Found a glowing silver altar of Zin.
  4350 | D:8      | Reached skill level 5 in Evocations
  4359 | D:8      | Noticed Pikel
  4371 | D:8      | Killed Pikel
  4815 | D:6      | Bought a scroll of enchant weapon II for 82 gold pieces
  4815 | D:6      | Bought a scroll of enchant weapon I for 82 gold pieces
  4815 | D:6      | Bought a scroll of enchant weapon III for 300 gold pieces
  4815 | D:6      | Bought a scroll of enchant weapon I for 82 gold pieces
  4815 | D:6      | Bought a scroll of curse jewellery for 30 gold pieces
  4815 | D:6      | Bought a scroll of random uselessness for 15 gold pieces
  4914 | D:9      | Got the cursed ring mail of the Falcon {Dex+2 Int+2 Acc+3}
  4928 | D:9      | Identified the cursed +2 ring mail of the Falcon {Dex+2 Int+2 Acc+3} (You found it on level 9 of the Dungeon)
  5056 | D:9      | Found Luakep's Magic Scroll Boutique.
  5062 | D:9      | Luakep's Magic Scroll Boutique was a mimic.
  5075 | D:9      | Killed a shop mimic
  5075 | D:9      | Reached skill level 9 in Maces & Flails
  5075 | D:9      | Reached XP level 10. HP: 48/75 MP: 16/16
  5157 | D:9      | Found a staircase to the Orcish Mines.
  5319 | D:10     | Entered Level 10 of the Dungeon
  5623 | D:10     | Noticed a hill giant
  5664 | D:11     | Noticed a cyclops
  5687 | D:10     | Killed a hill giant
  5699 | D:10     | Found a staircase to the Lair.
  5865 | Lair:1   | Entered Level 1 of the Lair of Beasts
  6163 | Lair:1   | Reached skill level 10 in Maces & Flails
  6545 | Lair:1   | Reached XP level 11. HP: 16/83 MP: 20/20
  7479 | Lair:4   | Found a hole to the Spider Nest.
  7684 | Lair:5   | Noticed a five-headed hydra
  8114 | Lair:6   | Reached skill level 11 in Maces & Flails
  8114 | Lair:6   | Reached skill level 1 in Dodging
  8599 | Lair:8   | Entered Level 8 of the Lair of Beasts
  8621 | Lair:8   | Noticed a six-headed hydra
  8621 | Lair:8   | Noticed a death yak
  8621 | Lair:8   | Noticed a death yak
  8621 | Lair:8   | Noticed a death yak
  8621 | Lair:8   | Noticed a death yak
  8621 | Lair:8   | Noticed a death yak
  8755 | Lair:8   | Cant drink in tree status-check
  8995 | Lair:7   | Acquired Ashenzari's first power
  9091 | Lair:7   | HP: 1/85 [spiny frog (12)]
  9701 | Lair:8   | Reached XP level 12. HP: 88/92 MP: 22/22
  9948 | Lair:8   | Found a staircase to the Slime Pits.
 10035 | Lair:8   | Noticed a dire elephant
 11130 | D:6      | Killed Blork the orc
 11250 | Orc:1    | Entered Level 1 of the Orcish Mines
 11267 | Orc:1    | Reached skill level 12 in Maces & Flails
 11306 | Orc:1    | Found an iron altar of Okawaru.
 11595 | Orc:2    | Learned a level 2 spell: Blink
 11595 | Orc:2    | timbw: no cool hat?
 11598 | Orc:2    | Learned a level 2 spell: Repel Missiles
 11662 | Orc:2    | 4tharraofdagon: this is cool enough for me
 11760 | Orc:3    | Acquired Ashenzari's second power
 11952 | Orc:2    | timbw: it takes forever
 11966 | Orc:3    | timbw: to get piety with ash
 11975 | Orc:3    | timbw: when you speedrun
 11983 | Orc:3    | 4tharraofdagon: i could
 11983 | Orc:3    | 4tharraofdagon: curse all my equip
 11983 | Orc:3    | 4tharraofdagon: but i curse scrolls are so rare :/
 11984 | Orc:4    | Entered Level 4 of the Orcish Mines
 12037 | Orc:4    | Noticed an ogre mage
 12037 | Orc:4    | Noticed an ogre mage
 12075 | Orc:4    | Killed an ogre mage
 12125 | Orc:4    | Killed an ogre mage
 12227 | Orc:4    | Noticed an ogre mage
 12235 | Orc:4    | Noticed an ogre mage
 12235 | Orc:4    | 4tharraofdagon: what happened
 12235 | Orc:4    | 4tharraofdagon: oh spell or trap
 12243 | Orc:4    | timbw: hm
 12247 | Orc:4    | wj69: probablt trap
 12247 | Orc:4    | timbw: spell i think
 12250 | Orc:4    | timbw: you mean the teleport?
 12269 | Orc:4    | Killed an ogre mage
 12273 | Orc:4    | Killed an ogre mage
 12439 | Orc:4    | wj69: ogre magi have tele other?
 12730 | Orc:4    | Found Muzotemn's Antique Armour Boutique.
 12733 | Orc:4    | Found Akucs' Book Emporium.
 12733 | Orc:4    | Found Frisiem's Antique Armour Boutique.
 12733 | Orc:4    | Found Elasizir's Weapon Shoppe.
 12764 | Orc:4    | Mangled by a two-headed ogre

Action                   |  1- 3 |  4- 6 |  7- 9 | 10-12 || total
-------------------------+-------+-------+-------+-------++-------
Melee: Mace              |    91 |   102 |   524 |  1036 ||  1753
       Great mace        |       |       |       |   257 ||   257
Throw: Dart              |       |       |     6 |       ||     6
       Javelin           |       |       |       |     2 ||     2
Evoke: Wand              |       |     2 |     9 |    21 ||    32
       box of beasts     |       |       |       |     8 ||     8
       lamp of fire      |       |       |       |     1 ||     1
  Use: Potion            |     3 |       |     1 |     8 ||    12
       Scroll            |       |       |     7 |    29 ||    36
 Stab: Distracted        |       |       |       |     4 ||     4
